 Dungeon Crawl Stone Soup version 0.32-a0-450-g080537f31e (webtiles) character file.

Game seed: 15024749362969414841

20569 jasper the Cleaver (level 12, -5/97 HPs)
             Began as a Coglin Chaos Knight on Feb 23, 2024.
             Was an Initiate of Gozag.
             Slain by Fannar
             ... wielding a staff of cold
              (10 damage)
             ... on level 10 of the Dungeon.
             The game lasted 00:29:03 (10532 turns).

jasper the Cleaver (Coglin Chaos Knight)           Turns: 10532, Time: 00:29:04

Health: -5/97      AC: 20    Str: 14      XL:     12   Next: 80%
Magic:  12/12      EV: 15    Int:  7 (10) God:    Gozag
Gold:   2236       SH:  0    Dex: 23      Spells: 11/11 levels left

rFire   . . .        o - +3 war axe {Jia}
rCold   x . .        H - +4 trident {Mai}
rNeg    + . .        d - +3 ring mail "Onkie" {rN+ Regen+}
rPois   .            t - +1 helmet
rElec   .            (no cloak)
rCorr   .            (no gloves)
SInv    .            (no boots)
Will    .....        p - amulet of regeneration
Stlth   +            m - +4 ring of protection
HPRegen 1.96/turn    N - +4 ring of protection
MPRegen 0.13/turn

%: no passive effects
@: about to teleport, revved
A: off-hand wielding, slow wielding, warmup strikes, legs shutdown, agile 2,
cold vulnerability 1, inability to drink after injury 1
a: Renounce Religion, Potion Petition, Call Merchant, Bribe Branch


You were on level 10 of the Dungeon.
You worshipped Gozag.
Gozag was most pleased with you.
You visited 1 branch of the dungeon, and saw 10 of its levels.
You also visited: Bailey.

You collected 2295 gold pieces.
You paid 59 gold pieces to Gozag.

Inventory:

Hand Weapons
 a - a +0 hand axe of chaos {Chun}
 e - a +0 club {Chun}
 i - a +0 spear {Myungok}
 o - a +3 war axe (weapon) {Jia}
 r - a +1 trident {Tihomir}
 C - a +1 hand axe of flaming {Isabel}
 D - a +0 war axe
 H - a +4 trident (offhand) {Mai}
Missiles
 g - 9 boomerangs (quivered)
 h - 95 stones
 K - 2 curare-tipped darts
Armour
 b - a +3 leather armour
 d - the +3 ring mail "Onkie" (worn) {rN+ Regen+}
   (You acquired it in a bailey)

   rN+:       It protects you from negative energy.
   Regen+:    It increases your rate of health regeneration.
 t - a +1 helmet (worn)
 w - +0 steam dragon scales
Jewellery
 j - a ring of ice
 m - a +4 ring of protection (left grasper)
 p - an amulet of regeneration (around neck)
 q - a +6 ring of intelligence
 u - a ring of fire
 E - a ring of poison resistance
 N - a +4 ring of protection (right grasper)
Wands
 x - a wand of mindburst (12)
 z - a wand of paralysis (13)
Scrolls
 c - 3 scrolls of butterflies
 s - a scroll of revelation
 v - 2 scrolls of teleportation
 y - 2 scrolls of enchant weapon
 A - 2 scrolls of brand weapon
 B - 3 scrolls of fog
 G - a scroll of identify
Potions
 f - a potion of degeneration
 k - a potion of haste
 l - a potion of cancellation
 n - 3 potions of brilliance
 J - a potion of might


   Skills:
 - Level 10.0 Fighting
 + Level 10.4(11.9) Axes
 + Level 8.6(10.5) Polearms
 - Level 8.0 Armour
 - Level 7.0 Dodging
 - Level 6.0 Evocations


You had 11 spell levels left.
You didn't know any spells.
Your spell library contained the following spells:

 Spells                   Type           Power      Damage    Failure   Level
 Sting                    Conj/Alch      0%         1d3       63%         1
 Mercury Vapours          Alch/Air       0%         N/A       77%         2
 Dazzling Flash           Conj/Hex       0%         N/A       94%         3
 Fugue of the Fallen      Necr           0%         N/A       94%         3
 Ozocubu's Armour         Ice            0%         N/A       94%         3
 Volatile Blastmotes      Fire/Tloc      0%         2d10      94%         3
 Fulminant Prism          Conj/Alch      0%         3d5       100%        4
 Iskenderun's Mystic Bla  Conj/Tloc      0%         2d3       100%        4
 Manifold Assault         Tloc           0%         N/A       100%        4
 Olgreb's Toxic Radiance  Alch           0%         N/A       100%        4
 Borgnjor's Vile Clutch   Necr/Erth      0%         N/A       100%        5
 Death Channel            Necr           0%         N/A       100%        6
 Starburst                Conj/Fire      0%         6d3       100%        6
 Maxwell's Capacitive Co  Air            0%         ∞         100%        8
 Animate Dead             Necr           Unusable   N/A       N/A         4

Dungeon Overview and Level Annotations

Branches:
Dungeon (10/15)            Temple (0/1) D:5            Lair (0/5) D:8
 Bailey (visited)
    Orc: D:9-12

Altars:
Elyvilon
Gozag
Kikubaaqudgha
Makhleb
Qazlal
Uskayaw
Xom
Zin

Shops:
D:10 !

Annotations:
D:3 1 runed translucent door, kaiyo's ghost, amateur TeRe
D:4 1 runed translucent door, Crazy Yiuf
D:10 Fannar


Innate Abilities, Weirdness & Mutations

You can wield a second weapon in your off-hand.
It takes a long time for you to wield or remove held weapons.
Your first few attacks do less damage.
Attacking and casting redirects power from your legs.
You are very agile. (Dex +8, Str/Int -2)
You are vulnerable to cold. (rC-)
You occasionally lose the ability to drink potions when taking damage.


Message History

You take 7 damage, and have 90/97 hp.
You hit Fannar but do no damage. You hit Fannar with your +4 trident.
Fannar hits you but does no damage. Fannar freezes you!!
You take 23 damage, and have 67/97 hp.
MASSIVE DAMAGE!!
You barely miss Fannar with your +4 trident.
Fannar is lightly wounded.
You hit Fannar with your +3 war axe. Fannar hits you with a staff of cold!
Fannar freezes you.
You take 13 damage, and have 54/97 hp.
You slash Fannar with your +3 war axe!
Fannar is moderately wounded.
You hit Fannar but do no damage.
You regained 2 hp, and now have 56/97 hp.
You hit Fannar with your +4 trident.
Fannar is moderately wounded.
You closely miss Fannar with your +3 war axe.
Fannar hits you with a staff of cold. Fannar freezes you!!
* * * LOW HITPOINT WARNING * * *
You take 28 damage, and have 28/97 hp.
MASSIVE DAMAGE!!
You hit Fannar but do no damage.
Fannar is moderately wounded.
You barely miss Fannar with your +4 trident.
Fannar hits you but does no damage. Fannar freezes you!
* * * LOW HITPOINT WARNING * * *
You take 7 damage, and have 21/97 hp.
You hit Fannar with your +4 trident.
Fannar is moderately wounded.
You hit Fannar with your +3 war axe. Fannar hits you but does no damage.
Fannar freezes you!!
* * * LOW HITPOINT WARNING * * *
You take 18 damage, and have 3/97 hp.
Okay, then.
Okay, then.
As you read the scroll of teleportation, it crumbles to dust.
You feel strangely unstable.
You are no longer unable to travel.
Fannar hits you but does no damage. Fannar freezes you!
You die...
Xom is highly amused!
Your body crumbles into a pile of gold.

..## ...# #.. ...#
#.. ##.# #.. ...#
#.# ... ##.## ..
#..T. ..#e# ####
#.#@# .... #.#.#
#### #.#.# #.#.#
#######.#.#
..........#
##############.###
.................#
##############.#.#


You could see Fannar and a troll.

Vanquished Creatures
  A deep elf pyromancer (D:10)
  A manticore (D:10)
  4 centaur zombies (D:10)
  A smoke demon (D:9)
  3 centaur skeletons (D:10)
  A komodo dragon (D:10)
  Psyche (D:8)
  A troll (D:10)
  A hornet (D:7)
  Prince Ribbit (D:8)
  2 water elementals (D:10)
  16 yaks
  3 wyverns
  Grum (D:8)
  2 steam dragons (D:8)
  2 vampire mosquitoes (D:10)
  3 water moccasins
  11 orc warriors
  3 ice beasts
  3 sky beasts
  3 ogres
  3 wolves (D:8)
  2 centaurs
  A phantom (D:6)
  4 kobold brigands
  3 bullfrogs
  A gnoll sergeant (D:8)
  A scorpion (D:5)
  14 wights
  3 howler monkeys (D:8)
  A quasit (D:9)
  A human zombie (D:10)
  2 jellies
  3 bombardier beetles
  2 hounds
  7 orc priests
  Jessica (D:3)
  5 iguanas
  7 orc wizards
  A gnoll bouda (D:6)
  Robin (D:3)
  A howler monkey zombie (D:10)
  14 gnolls
  10 adders
  A shadow imp (D:6)
  2 white imps
  4 ufetubi
  4 dart slugs
  46 orcs
  7 endoplasms
  3 giant cockroaches (D:1)
  29 goblins
  23 hobgoblins
  4 jackals (D:1)
  3 quokkas
  7 ball pythons
  4 bats
  2 frilled lizards
  19 kobolds
  4 rats
314 creatures vanquished.

Vanquished Creatures (others)
  A butterfly (D:6)
1 creature vanquished.

Grand Total: 315 creatures vanquished

Notes
Turn   | Place    | Note
-------+----------+-------------------------------------------
     0 | D:1      | jasper the Coglin Chaos Knight began the quest for the Orb.
     0 | D:1      | Reached XP level 1. HP: 18/18 MP: 1/1
    48 | D:1      | XOM: potion effect (might)
    94 | D:1      | Reached XP level 2. HP: 24/24 MP: 2/2
   282 | D:1      | XOM: divination: magic mapping
   456 | D:1      | Reached XP level 3. HP: 29/29 MP: 3/3
   601 | D:1      | XOM: divination: detect creatures
  1289 | D:2      | Found a faded altar of an unknown god.
  1290 | D:2      | XOM: silly message
  1298 | D:2      | Reached skill level 1 in Polearms
  1510 | D:2      | Reached XP level 4. HP: 29/35 MP: 4/4
  1828 | D:2      | You fall into a shaft and drop 1 floor!
  1854 | D:3      | Noticed Jessica
  1862 | D:3      | Killed Jessica
  1881 | D:3      | XOM: smoke on damage
  1918 | D:3      | XOM: 1-stop teleportation journey
  1949 | D:2      | XOM: god gift: 25 gold pieces
  2036 | D:3      | Noticed kaiyo's ghost (amateur TeRe)
  2036 | D:3      | Found a runed translucent door.
  2281 | D:3      | Reached XP level 5. HP: 41/41 MP: 5/5
  2296 | D:3      | XOM: noise
  2437 | D:3      | Noticed Robin
  2440 | D:3      | XOM: potion effect (invisibility)
  2453 | D:3      | Killed Robin
  2454 | D:3      | Reached skill level 5 in Axes
  2646 | D:3      | Found a burning altar of Makhleb.
  2646 | D:3      | Noticed a blizzard demon
  2999 | D:4      | XOM: scenery: create altars
  3007 | D:4      | Reached XP level 6. HP: 46/47 MP: 6/6
  3133 | D:4      | Found a runed translucent door.
  3137 | D:4      | Noticed Crazy Yiuf
  3189 | D:4      | Found an opulent altar of Gozag.
  3231 | D:4      | Found a hide-covered altar of Uskayaw.
  3231 | D:4      | Noticed a steam dragon
  3234 | D:4      | a steam dragon changed into a bat
  3234 | D:4      | XOM: polymorph steam dragon -> bat
  3255 | D:4      | XOM: cloud trail
  3442 | D:4      | XOM: divination: detect items
  3656 | D:4      | XOM: god gift: ring mail {god gift}
  3843 | D:4      | Fell from the grace of Xom
  3843 | D:4      | Became a worshipper of Gozag Ym Sagoz the Greedy
  3858 | D:5      | Entered Level 5 of the Dungeon
  3913 | D:5      | Reached XP level 7. HP: 37/52 MP: 7/7
  4078 | D:5      | XOM: swap monsters
  5007 | D:5      | Found a staircase to the Ecumenical Temple.
  5246 | D:6      | Reached skill level 1 in Dodging
  5246 | D:6      | Reached XP level 8. HP: 53/58 MP: 8/8
  5816 | D:6      | Reached skill level 5 in Fighting
  5962 | D:6      | Found a white marble altar of Elyvilon.
  5970 | D:6      | Reached XP level 9. HP: 33/69 MP: 9/9
  6095 | D:6      | XOM: torment (36/69 hp)
  6258 | D:6      | Reached skill level 5 in Dodging
  6364 | D:6      | Found a glowing silver altar of Zin.
  6365 | D:6      | Noticed an angel
  6626 | D:6      | XOM: god gift: 5 stones
  6662 | D:7      | Noticed a hornet
  6674 | D:7      | Killed a hornet
  6938 | D:7      | XOM: 4-stop teleportation journey
  7196 | D:7      | Reached XP level 10. HP: 80/80 MP: 10/10
  7668 | D:8      | Noticed Grum
  7687 | D:8      | Killed Grum
  7873 | D:8      | XOM: swap monsters
  7942 | D:8      | XOM: stat loss: -2 Int (10/12)
  7995 | D:8      | XOM: give mutations
  7995 | D:8      | Gained mutation: Potions are less effective at restoring
                  | your health. [Xom's mischief]
  7995 | D:8      | Gained mutation: Your spells are a little easier to cast,
                  | but a little less powerful. [Xom's mischief]
  7995 | D:8      | Gained mutation: You are partially covered in iridescent
                  | scales. (AC +2) [Xom's mischief]
  8035 | D:8      | Found a stormy altar of Qazlal.
  8185 | D:8      | Reached skill level 5 in Armour
  8211 | D:8      | Noticed Psyche
  8221 | D:8      | Killed Psyche
  8323 | D:8      | Found a staircase to the Lair.
  8382 | D:8      | Noticed Prince Ribbit
  8387 | D:8      | Killed Prince Ribbit
  8575 | D:8      | XOM: give mutations
  8575 | D:8      | Gained mutation: You occasionally lose the ability to drink
                  | potions when taking damage. [Xom's mischief]
  8575 | D:8      | Lost mutation: You are partially covered in iridescent
                  | scales. (AC +2) [Xom's mischief]
  8575 | D:8      | Gained mutation: You occasionally lose the ability to read
                  | scrolls when taking damage. [Xom's mischief]
  8575 | D:8      | Gained mutation: You are agile. (Dex +4, Str/Int -1) [Xom's
                  | mischief]
  8658 | D:8      | XOM: give mutations
  8658 | D:8      | Lost mutation: Your spells are a little easier to cast, but
                  | a little less powerful. [Xom's mischief]
  8658 | D:8      | Gained mutation: You are very agile. (Dex +8, Str/Int -2)
                  | [Xom's mischief]
  8658 | D:8      | Gained mutation: You are vulnerable to cold. (rC-) [Xom's
                  | mischief]
  8779 | D:9      | Reached skill level 10 in Fighting
  8831 | D:9      | Noticed a smoke demon
  8836 | D:9      | Killed a smoke demon
  8869 | D:9      | Noticed a rust devil
  8870 | D:9      | Noticed an orange demon
  8871 | D:9      | Noticed a smoke demon
  8878 | D:9      | Noticed an orange demon
  8880 | D:9      | Noticed a soul eater
  8906 | D:10     | Entered Level 10 of the Dungeon
  8932 | D:10     | Reached XP level 11. HP: 90/90 MP: 11/11
  9021 | D:10     | Reached skill level 5 in Polearms
  9078 | D:10     | Found a flagged portal.
  9110 | Bailey   | Entered a bailey
  9333 | Bailey   | Lost mutation: You occasionally lose the ability to read
                  | scrolls when taking damage. [potion of mutation]
  9333 | Bailey   | Lost mutation: You are very agile. (Dex +8, Str/Int -2)
                  | [potion of mutation]
  9333 | Bailey   | Lost mutation: Potions are less effective at restoring your
                  | health. [potion of mutation]
  9333 | Bailey   | Gained mutation: You are very agile. (Dex +8, Str/Int -2)
                  | [potion of mutation]
  9414 | Bailey   | XOM: summons 3 hostile shadow creatures
  9574 | Bailey   | Identified a scroll of acquirement
  9574 | Bailey   | Acquired the +3 ring mail "Onkie" {rN+ Regen+}
  9653 | Bailey   | Noticed an orc warlord
  9756 | Bailey   | Reached XP level 12. HP: 97/97 MP: 12/12
  9842 | D:10     | Reached skill level 10 in Axes
 10025 | D:10     | Reached skill level 1 in Evocations
 10082 | D:10     | Found an ancient bone altar of Kikubaaqudgha.
 10093 | D:10     | Reached skill level 5 in Evocations
 10312 | D:10     | Found Lekoaq's Distillery.
 10330 | D:10     | XOM: summons 12 hostile demons
 10515 | D:10     | XOM: stat loss: -3 Int (7/10)
 10520 | D:10     | Noticed Fannar
 10531 | D:10     | HP: 3/97 [Fannar/staff of cold (19)]
 10532 | D:10     | Slain by Fannar

Illustrated notes

Levels and vault maps discovered:
D:1:      psy_arrival_terrarium, layout_basic, bh_walls_and_bars
D:2:      layout_loops_ring, hellmonk_ecumenical_altar_arch_garden,
          minmay_tromino_v4_b
D:3:      layout_loops_ring, makhleb_altar_promises_db,
          hellmonk_ghost_happy_afterlife, uniq_robin, uniq_jessica
D:4:      layout_rooms, grunt_gozag_breadcrumbs,
          nicolae_uskayaw_murder_on_the_dancefloor, nzn_wu_jian_council_hall,
          uniq_crazy_yiuf_cottage
D:5:      corexii_shack_village, layout_cave_pools, lemuel_temple_firewalk_b
D:6:      layout_layer_cave, nicolae_elyvilon_peaceful_grove, zin_angel
D:7:      layout_loops_ring, nicolae_underground_beach
D:8:      layout_loops_corners, grunt_qazlal_clouds, dpeg_oklobed_lair,
          uniq_grum, uniq_psyche, uniq_prince_ribbit1
D:9:      layout_cave_pools, mainiacjoe_overflow_chevrons, serial_demonic,
          serial_demonic_a, serial_demonic_f, serial_demonic_g,
          serial_demonic_b, st_stairs_6
D:10:     regret_index_early_branch_jog, layout_basic,
          lemuel_mausoleum_altar_kikubaaqudgha, enter_bailey_3, uniq_fannar

Skill      XL: |  1  2  3  4  5  6  7  8  9 10 11 12 |
---------------+-------------------------------------+-----
Axes           | 4 5 6 7 9 10 | 10.4
Polearms       | 1 2 3 4 8 |  8.6
Dodging        | 1 4 6 7 |  7.0
Fighting       | 5 8 10 | 10.0
Armour         | 2 6 8 |  8.0
Evocations     | 6 |  6.0

Action                     |  1- 3 |  4- 6 |  7- 9 | 10-12 || total
---------------------------+-------+-------+-------+-------++-------
  Melee: Hand axe          |    78 |   160 |    68 |       ||   306
         Club              |    11 |       |       |       ||    11
         Spear             |    43 |    68 |       |       ||   111
         Trident           |       |   113 |   240 |   416 ||   769
         War axe           |       |       |   130 |   372 ||   502
  Throw: Boomerang         |       |     7 |    10 |     7 ||    24
  Evoke: Wand              |       |     1 |     2 |     7 ||    10
    Use: Scroll            |     2 |    11 |     2 |    14 ||    29
         Potion            |       |       |     4 |     7 ||    11
   Stab: Sleeping          |     1 |     1 |     1 |     2 ||     5
         Invisible         |       |     2 |       |       ||     2
         Distracted        |       |       |     3 |     3 ||     6
         Confused          |       |       |     1 |       ||     1
 Armour: Leather armour    |    38 |    93 |   106 |   131 ||   368
         Skin              |       |       |    12 |       ||    12
         Ring mail         |       |       |       |   154 ||   154
  Dodge: Dodged            |    49 |    85 |   125 |   316 ||   575

Table legend: (Time is in decaauts)
 A = Elapsed time spent in this place.
 B = Non-inter-level travel time spent in this place.
 C = Inter-level travel time spent in this place.
 D = Time resting spent in this place.
 E = Time spent auto-exploring this place.
 F = Levels seen in this place.
 G = Mean time per level.
                   A        B        C        D        E       F      G
               +--------+--------+--------+--------+--------+-----+--------+
         Total |  10502 |  10235 |    267 |    923 |   6951 |  11 |  954.7 |
       Dungeon |   9817 |   9550 |    267 |    672 |   6841 |  10 |  981.7 |
        Bailey |    685 |    685 |      0 |    251 |    110 |   1 |  685.0 |
               +--------+--------+--------+--------+--------+-----+--------+

Top non-repeatable levels by time:
     D:6: 1469 daAuts
     D:5: 1185 daAuts
     D:8: 1142 daAuts
     D:1: 1135 daAuts
     D:4: 1054 daAuts
     D:3: 1013 daAuts
     D:7: 969 daAuts
    D:10: 922 daAuts
     D:2: 784 daAuts
  Bailey: 685 daAuts
     D:9: 140 daAuts
